 Dungeon Crawl Stone Soup version 0.29.0-11-gd7f09526c8 (webtiles) character file.

Game seed: 1475639248553343042

837 Powertoast the Slasher (level 7, -12/58 HPs)
             Began as a Merfolk Monk on Sept 4, 2022.
             Mangled by Grinder the chaos spawn (13 damage)
             ... on level 5 of the Dungeon.
             The game lasted 00:18:21 (4266 turns).

Powertoast the Slasher (Merfolk Monk)               Turns: 4266, Time: 00:18:21

Health: -12/58     AC:  4    Str: 17    XL:     7   Next: 99%
Magic:  7/7        EV: 14    Int: 10    God:
Gold:   245        SH:  0    Dex: 18    Spells: 6/6 levels left

rFire   . . .      SeeInvis .   g - +2 dagger (venom)
rCold   . . .      Faith    .   (no shield)
rNeg    . . .      Spirit   .   e - +0 leather armour
rPois   +          Reflect  .   h - +0 helmet
rElec   .          Harm     .   (no cloak)
rCorr   .          Rampage  .   (no gloves)
Will    .....                   (no boots)
Stlth   +++.......              (no amulet)
HPRegen 0.19/turn               t - ring of poison resistance
MPRegen 0.10/turn               B - +6 ring of strength

@: no status effects
A: (nimble swimmer 2), mertail
a: no special abilities


You were on level 5 of the Dungeon.
You visited 1 branch of the dungeon, and saw 5 of its levels.

You collected 245 gold pieces.

Inventory:

Hand Weapons
 a - a +0 falchion
 g - a +2 dagger of venom (weapon)
 r - a +3 dagger
 v - a +1 dagger of protection
 w - a +1 dagger of draining
 y - a +0 vorpal sling
Armour
 b - a +0 robe
 e - a +0 leather armour (worn)
 f - a +0 plate armour
 h - a +0 helmet (worn)
Jewellery
 t - a ring of poison resistance (left hand)
 B - a +6 ring of strength (right hand)
Wands
 A - a wand of polymorph (7) (quivered)
Scrolls
 l - 3 scrolls of teleportation
 n - a scroll of magic mapping {unknown}
 p - a scroll of immolation
 q - 2 scrolls of vulnerability
 u - a scroll of butterflies {unknown}
 x - a scroll of summoning {unknown}
 z - a scroll of enchant armour {unknown}
 C - a scroll of noise {unknown}
 D - a scroll of blinking {unknown}
Potions
 c - a potion of ambrosia
 d - 2 potions of berserk rage {unknown}
 i - a potion of attraction {unknown}
 j - a potion of mutation {unknown}
 k - 2 potions of might {unknown}
 o - a potion of cancellation {unknown}
 s - 5 potions of curing


   Skills:
 - Level 6.0 Fighting
 * Level 7.7 Long Blades
 - Level 5.0 Dodging
 + Level 5.3 Stealth


You had 6 spell levels left.
You didn't know any spells.
Your spell library contained the following spells:

 Spells                   Type           Power      Damage    Failure   Level
 Shock                    Conj/Air       0%         1d3       43%         1
 Ozocubu's Armour         Ice            0%         N/A       80%         3
 Swiftness                Air            0%         N/A       80%         3
 Airstrike                Air            0%         2d(0-16)  99%         4
 Fireball                 Conj/Fire      0%         3d3       100%        5
 Freezing Cloud           Conj/Ice/Air   0%         6-21      100%        5
 Metabolic Englaciation   Hex/Ice        0%         N/A       100%        5
 Simulacrum               Ice/Necr       0%         N/A       100%        6
 Starburst                Conj/Fire      0%         6d3       100%        6
 Ignition                 Fire           0%         3d3       100%        8
 Polar Vortex             Ice            0%         N/A       100%        9


Dungeon Overview and Level Annotations

Branches:
Dungeon (5/15)
 Temple: D:4-7

Altars:
Dithmenos
Fedhas
Gozag
Vehumet

Shops:
D:1 [   D:5 :

Annotations:
D:5 Grinder


Innate Abilities, Weirdness & Mutations

((You are very nimble when in or above water. (Stealth+, EV+, Speed+++)))
Your lower body shifts to a powerful aquatic tail in water.


Message History

Aiming: Polymorph
Press: ? - help, Shift-Dir - straight line, f - Grinder
Aim: Grinder (will become a red devil, a chaos spawn, or an iron imp, chance to affect: 49%)
Okay, then.
Hit: g) +2 dagger (venom)
Press: ? - help, Dir - move target, f - you
Okay, then.
Aiming: Polymorph
Press: ? - help, Q - select action Shift-Dir - straight line, f - Grinder
Aim: Grinder (will become a red devil, a chaos spawn, or an iron imp, chance to affect: 49%) Grinder evaporates and reforms as a chaos spawn!
Grinder hits you. Grinder shocks you.
You hit Grinder.
Grinder is poisoned.
Grinder is lightly wounded.
Grinder gores you!
You hit Grinder.
Grinder looks as sick as possible!
Grinder is lightly wounded.
You hit Grinder.
Grinder looks as sick as possible!
Grinder is moderately wounded.
Grinder gores you! Grinder freezes you!
* * * LOW HITPOINT WARNING * * *
You feel much better. Grinder hits you. Grinder shocks you.
You hit Grinder but do no damage.
Grinder looks as sick as possible!
Grinder is heavily wounded.
Grinder closely misses you.
You hit Grinder.
Grinder looks as sick as possible!
Grinder is heavily wounded.
Grinder closely misses you.
You closely miss Grinder.
Grinder is heavily wounded.
You hit Grinder but do no damage.
Grinder looks as sick as possible!
Grinder is severely wounded.
Grinder hits you.
Grinder draws strength from your injuries!
You barely miss Grinder.
Grinder is severely wounded.
Grinder gores you!
* * * LOW HITPOINT WARNING * * *
Grinder freezes you!
You die...

. .# .... ....### ..≈.≈....
#.....## ..≈.≈.≈≈.≈
#......### #.≈.≈.≈∩.≈
#........### #.≈.≈.≈≈≈≈
#...##.....### #.≈.≈.....
....<........# ##.≈.≈≈≈≈≈≈
...........#.####..≈.......
................@4.≈≈≈≈≈≈≈≈
####......#....###....?....
#.......................
#......#..####..........
#......##..# ####.......
############ .......
.....(. ######.


You could see Grinder the chaos spawn (extremely poisoned).

Vanquished Creatures
  A water moccasin (D:5)
  A centaur (D:5)
  A necrophage (D:4)
  A scorpion (D:4)
  3 orc priests (D:5)
  A jelly (D:4)
  6 hounds
  An orc wizard (D:5)
  3 gnolls
  5 adders
  A shadow imp (D:5)
  An ufetubus (D:5)
  3 worms
  4 dart slugs
  11 orcs
  8 ball pythons
  6 endoplasms
  3 giant cockroaches
  6 goblins
  5 hobgoblins
  5 jackals
  6 quokkas
  6 bats
  5 frilled lizards
  8 kobolds
  5 rats
106 creatures vanquished.

Notes
Turn   | Place    | Note
-------+----------+-------------------------------------------
     0 | D:1      | Powertoast the Merfolk Monk began the quest for the Orb.
     0 | D:1      | Reached XP level 1. HP: 18/18 MP: 1/1
   145 | D:1      | Reached XP level 2. HP: 19/24 MP: 2/2
   147 | D:1      | Reached skill level 4 in Long Blades
   519 | D:1      | Found Oraucuir's Antique Armour Shop.
   533 | D:1      | Reached XP level 3. HP: 26/30 MP: 3/3
   696 | D:1      | Found a faded altar of an unknown god.
  1275 | D:2      | Reached XP level 4. HP: 32/37 MP: 4/4
  1683 | D:3      | Reached skill level 5 in Long Blades
  1861 | D:3      | Found a blossoming altar of Fedhas.
  1861 | D:3      | Found a radiant altar of Vehumet.
  1862 | D:3      | Found a shadowy altar of Dithmenos.
  2134 | D:3      | Reached XP level 5. HP: 37/42 MP: 5/5
  2398 | D:4      | Reached skill level 5 in Dodging
  2457 | D:4      | Reached XP level 6. HP: 50/50 MP: 6/6
  2470 | D:4      | Reached skill level 5 in Fighting
  3105 | D:5      | Entered Level 5 of the Dungeon
  3134 | D:5      | Noticed a water moccasin
  3175 | D:5      | Reached skill level 6 in Long Blades
  3205 | D:5      | Reached XP level 7. HP: 40/57 MP: 7/7
  3582 | D:5      | Reached skill level 7 in Long Blades
  3806 | D:5      | Reached skill level 5 in Stealth
  3916 | D:5      | Found an opulent altar of Gozag.
  4243 | D:5      | Found Huyloed's Book Boutique.
  4245 | D:5      | Noticed Grinder
  4245 | D:5      | Paralysed by Grinder for 5 turns
  4253 | D:5      | Noticed Grinder
  4253 | D:5      | Grinder changed into Grinder the chaos spawn
  4266 | D:5      | HP: 1/58 [Grinder the chaos spawn (17)]
  4266 | D:5      | Mangled by Grinder the chaos spawn

Illustrated notes

Levels and vault maps discovered:
D:1:      dpeg_arrival_lava_temple_mockup, layout_rooms, serial_shops,
          nicolae_diamond_shop, dreamdust_ecumenical_altar_angels_and_demons
D:2:      kennysheep_six_static_rooms, layout_basic, kennysheep_generic_room_13
D:3:      layout_rooms, chequers_temple_overflow_statue_of_worship
D:4:      layout_rooms, serial_rivers, chequers_serial_rivers_room_b,
          chequers_serial_rivers_small_b, chequers_serial_rivers_small_b,
          chequers_serial_rivers_marsh
D:5:      layout_rooms, kennysheep_little_box, serial_shops,
          nicolae_inconvenience_store, uniq_grinder

Skill      XL: |  1  2  3  4  5  6  7 |
---------------+----------------------+-----
Long Blades    | 4 5 6 7 |  7.7
Fighting       | 4 5 6 |  6.0
Stealth        | 3 4 5 |  5.3
Dodging        | 5 |  5.0

Action                   |  1- 3 |  4- 6 |  7- 9 || total
-------------------------+-------+-------+-------++-------
Melee: Falchion          |    21 |       |       ||    21
       Dagger            |    61 |   156 |   103 ||   320
       Punch             |     1 |     1 |     3 ||     5
Evoke: Wand              |       |       |     1 ||     1
  Use: Scroll            |       |     5 |       ||     5
       Potion            |       |     1 |     1 ||     2
 Stab: Sleeping          |     8 |     5 |       ||    13
Armor: Leather armour    |    17 |    30 |    13 ||    60
       Robe              |     1 |       |       ||     1
Dodge: Dodged            |    44 |   107 |    63 ||   214
